 Dungeon Crawl Stone Soup version 0.28-a0-1130-gc51a68064b (webtiles) character file.

Game seed: 10595996834944260002

485 Artemis153 the Poker (level 7, 0/44 HPs)
             Began as a Gargoyle Fighter on Dec 12, 2021.
             Killed by divine providence
             ... invoked by an orc priest
              (14 damage)
             ... on level 4 of the Dungeon.
             The game lasted 00:17:06 (5299 turns).

Artemis153 the Poker (Gargoyle Fighter)             Turns: 5299, Time: 00:17:06

Health: 0/44       AC: 17    Str: 21    XL:     7   Next: 13%
Magic:  7/7        EV:  7    Int:  9    God:
Gold:   196        SH:  0    Dex:  9    Spells: 6/6 levels left

rFire   + . .      SeeInvis .   a - +0 trident
rCold   . . .      Faith    .   c - +0 buckler
rNeg    + . .      Spirit   .   p - +0 chain mail
rPois   ∞          Reflect  .   j - +1 helmet
rElec   +          Harm     .   (no cloak)
rCorr   .          Rampage  .   (no gloves)
Will    .....                   n - +0 pair of boots
Stlth   ..........              (no amulet)
HPRegen 0.14/turn               i - ring of protection from fire
MPRegen 0.10/turn               (no ring)

@: confused
A: sickness immunity, AC +4, negative energy resistance 1, electricity
resistance, torment resistance 1, petrification resistance
a: no special abilities


You were on level 4 of the Dungeon.
You visited 1 branch of the dungeon, and saw 4 of its levels.
You also visited: Sewer.

You collected 196 gold pieces.

Inventory:

Hand Weapons
 a - a +0 trident (weapon)
Missiles
 s - a throwing net (quivered)
Armour
 c - a +0 buckler (worn)
 j - a +1 helmet (worn)
 n - a +0 pair of boots (worn)
 p - a +0 chain mail (worn)
Jewellery
 i - a ring of protection from fire (left hand)
Wands
 o - a wand of flame (20)
Scrolls
 g - a scroll of brand weapon {unknown}
 h - 2 scrolls of summoning {unknown}
 k - a scroll of enchant weapon {unknown}
 l - a scroll of fear {unknown}
 q - 2 scrolls of teleportation
 r - 2 scrolls of amnesia
 u - a scroll of immolation {unknown}
Potions
 b - 2 potions of curing {unknown}
 d - 2 potions of might
 e - a potion of ambrosia {unknown}
 f - 3 potions of lignification
 m - 4 potions of flight
 t - a potion of attraction {unknown}


   Skills:
 + Level 4.7 Fighting
 + Level 4.9 Polearms
 + Level 4.7 Armour
 + Level 1.3 Stealth
 - Level 4.0 Shields


You had 6 spell levels left.
You didn't know any spells.
Your spell library contained the following spells:

 Spells                   Type           Power      Damage    Failure   Level
 Hailstorm                Conj/Ice       0%         3d3       100%        4
 Ice Form                 Ice/Tmut       0%         N/A       100%        4
 Simulacrum               Ice/Necr       0%         N/A       100%        6


Dungeon Overview and Level Annotations

Branches:
Dungeon (4/15)              Sewer (visited)
 Temple: D:4-7

Altars:


Innate Abilities, Weirdness & Mutations

You are immune to sickness and miasma.
Your stone body is resilient. (AC +4)
You are immune to poison.
You resist negative energy. (rN+)
You are resistant to electric shocks. (rElec)
You are resistant to unholy torment.
You are immune to petrification.


Message History

The orc priest hits you but does no damage.
You bump into the rock wall.
The orc wizard gestures wildly while chanting.
The orc wizard flickers and vanishes!
Deactivating autopickup; reactivate with Ctrl-A.
The orc priest hits you with a +0 flail.
You bump into the rock wall.
You hear some strange, mumbled words.
A puff of flame appears from out of thin air!
The puff of flame hits you. You resist. The orc priest closely misses you.
You bump into the rock wall.
Something hits you.
The orc priest hits you but does no damage.
You bump into the rock wall.
You hear some strange, mumbled words.
A puff of flame appears from out of thin air!
The puff of flame hits you but does no damage.
The orc priest invokes the aid of Beogh against you.
Beogh smites you!
You bump into the rock wall.
Something hits you but does no damage.
The orc priest hits you with a +0 flail.
You bump into the rock wall.
You hear some strange, mumbled words.
You are more confused.
The orc priest hits you with a +0 flail.
The orc priest mumbles some strange prayers to Beogh against you.
Something writhes in agony!
You bump into the rock wall.
Something hits you but does no damage.
You hear some strange, mumbled words.
You are more confused.
You're too confused to move!
You bump into the rock wall.
Something hits you but does no damage.
You hit something but do no damage.
You're too confused to move!
Something hits you but does no damage.
You hear some strange, mumbled words.
A magic dart appears from out of thin air!
The magic dart hits you.
You're too confused to move!
The orc priest calls down the wrath of Beogh upon you.
Beogh smites you!
You die...

################
#...........##..
##.#####.....##.#
#......#.....##.# #
#..###.#......#.####.# ##
#..##...#.....#.#... .##
#...............#.####.#.#
#.#
#.#......................#
..#
#...........@o..##.###.##
#.# ###......#########o#
..# #................# #.#
####.#.#######.... ..#
#.#.......#.#### #.#
#.#.....#.#. ..#
#.#.#...#.#.# #.##
#.#..........
...#######.###.#.....#


You could see an orc priest.

Vanquished Creatures
  A bullfrog skeleton (D:3)
  Ijyb (D:3)
  Natasha (thrice) (D:3)
  2 orc wizards (D:3)
  8 gnolls
  8 adders
  2 adder skeletons (D:4)
  6 worms
  3 dart slugs (D:2)
  9 orcs
  10 endoplasms
  4 giant cockroaches
  9 goblins
  6 hobgoblins
  7 jackals
  6 quokkas
  12 ball pythons
  19 bats
  4 frilled lizards
  7 kobolds
  9 rats
136 creatures vanquished.

Notes
Turn   | Place    | Note
-------+----------+-------------------------------------------
     0 | D:1      | Artemis153 the Gargoyle Fighter began the quest for the
                  | Orb.
     0 | D:1      | Reached XP level 1. HP: 14/14 MP: 1/1
   154 | D:1      | Reached XP level 2. HP: 19/19 MP: 2/2
   582 | D:1      | Reached XP level 3. HP: 14/23 MP: 3/3
  1228 | D:2      | Reached XP level 4. HP: 27/29 MP: 4/4
  1747 | D:2      | Reached XP level 5. HP: 31/33 MP: 5/5
  1874 | D:3      | Found a glowing drain.
  1939 | Sewer    | Entered a sewer
  3008 | D:3      | Noticed Natasha
  3014 | D:3      | Killed Natasha
  3015 | D:3      | Reached XP level 6. HP: 39/39 MP: 6/6
  3143 | D:3      | Noticed Natasha
  3914 | D:3      | Killed Natasha
  3924 | D:3      | Noticed Natasha
  3934 | D:3      | Killed Natasha
  4050 | D:3      | Found a faded altar of an unknown god.
  4056 | D:3      | Noticed Ijyb
  4093 | D:3      | Killed Ijyb
  4391 | D:4      | Reached skill level 1 in Stealth
  4662 | D:3      | Reached XP level 7. HP: 38/44 MP: 7/7
  5299 | D:4      | Killed from afar by an orc priest

Illustrated notes

Levels and vault maps discovered:
D:1:      scummos_arrival_checkerplants, layout_rooms, minmay_nonomino_d4
D:2:      layout_rooms
D:3:      layout_loops_ring, ebering_ecumenical_altar_box,
          cheibrodos_sewer_entry_sluice, grunt_ministairs_2, uniq_natasha,
          uniq_ijyb
D:4:      layout_basic, mainiacjoe_overflow_chevrons, hex_medium

Skill      XL: |  1  2  3  4  5  6 |
---------------+-------------------+-----
Polearms       | 2 3 4 |  4.9
Fighting       | 4 |  4.7
Armour         | 4 |  4.7
Shields        | 4 |  4.0
Stealth        | 1 |  1.3

Action                   |  1- 3 |  4- 6 |  7- 9 || total
-------------------------+-------+-------+-------++-------
Melee: Trident           |   156 |   390 |    45 ||   591
  Use: Scroll            |       |     6 |       ||     6
       Potion            |       |     1 |       ||     1
Armor: Scale mail        |    54 |   227 |       ||   281
       Chain mail        |       |    12 |    19 ||    31
Dodge: Dodged            |    87 |   184 |    15 ||   286
Block: Buckler           |    33 |    78 |     6 ||   117

Table legend: (Time is in decaauts)
 A = Elapsed time spent in this place.
 B = Non-inter-level travel time spent in this place.
 C = Inter-level travel time spent in this place.
 D = Time resting spent in this place.
 E = Time spent auto-exploring this place.
 F = Levels seen in this place.
 G = Mean time per level.
                   A        B        C        D        E       F      G
               +--------+--------+--------+--------+--------+-----+--------+
         Total |   5511 |   5320 |    191 |   2002 |   1683 |   5 | 1102.2 |
       Dungeon |   4482 |   4291 |    191 |   1620 |   1405 |   4 | 1120.5 |
         Sewer |   1028 |   1028 |      0 |    382 |    277 |   1 | 1028.0 |
               +--------+--------+--------+--------+--------+-----+--------+

Top non-repeatable levels by time:
     D:3: 1828 daAuts
     D:1: 1145 daAuts
   Sewer: 1028 daAuts
     D:2: 869 daAuts
     D:4: 639 daAuts
